 Dungeon Crawl Stone Soup version 0.29-a0-234-g0dae59b3db (webtiles) character file.

Game seed: 9364141675709554506

258 innerfire433 the Chopper (level 5, 0/47 HPs)
             Began as a Draconian Monk on Mar 3, 2022.
             Was the Champion of Ignis.
             Slain by an orc wizard
             ... wielding a +0 spear
              (5 damage)
             ... on level 4 of the Dungeon.
             The game lasted 00:10:37 (3702 turns).

innerfire433 the Chopper (Draconian Monk)           Turns: 3702, Time: 00:10:38

Health: 0/47       AC:  6    Str: 15    XL:     5   Next: 94%
Magic:  5/5        EV: 12    Int: 11    God:    Ignis [******]
Gold:   228        SH:  0    Dex: 13    Spells: 4/4 levels left

rFire   + . .      SeeInvis .   a - +0 hand axe
rCold   . . .      Faith    .   i - +0 buckler
rNeg    . . .      Spirit   .   (body armour unavailable)
rPois   .          Reflect  +   (helmet restricted)
rElec   .          Harm     .   (no cloak)
rCorr   .          Rampage  .   (no gloves)
Will    .....                   l - +0 pair of boots
Stlth   +.........              p - amulet of reflection
HPRegen 0.15/turn               (no ring)
MPRegen 0.09/turn               (no ring)

@: confused
A: AC +5, unfitting armour, cold-blooded
a: Renounce Religion, Fiery Armour, Foxfire Swarm, Rising Flame


You were on level 4 of the Dungeon.
You worshipped Ignis.
Ignis was exalted by your worship.
You visited 1 branch of the dungeon, and saw 4 of its levels.

You collected 228 gold pieces.

Inventory:

Hand Weapons
 a - a +0 hand axe (weapon)
 b - a +0 vorpal hunting sling
Missiles
 f - 3 javelins
 j - 113 stones (quivered)
Armour
 i - a +0 buckler (worn)
 l - a +0 pair of boots (worn)
 t - a +0 ring mail
Magical Staves
 n - a staff of cold
Jewellery
 k - an amulet of the acrobat
 p - an amulet of reflection (around neck)
 u - a +6 ring of dexterity
Scrolls
 c - 4 scrolls of identify
 d - 3 scrolls of magic mapping {unknown}
 h - 3 scrolls of teleportation
Potions
 g - 2 potions of haste
 m - a potion of attraction
 o - a potion of brilliance
 r - a potion of flight {unknown}
 s - a potion of degeneration {unknown}


   Skills:
 + Level 4.4 Fighting
 * Level 4.6 Axes
 * Level 2.7 Slings
 - Level 3.0 Dodging
 - Level 2.2 Stealth


You had 4 spell levels left.
You didn't know any spells.
Your spell library contained the following spells:

 Spells                   Type           Power      Damage    Failure   Level
 Sublimation of Blood     Necr           0%         N/A       58%         2
 Stone Arrow              Conj/Erth      0%         3d7       82%         3
 Petrify                  Tmut/Erth      0%         N/A       99%         4
 Irradiate                Conj/Tmut      0%         3d13      100%        5
 Lehudib's Crystal Spear  Conj/Erth      0%         10d2      100%        8
 Animate Armour           Summ/Erth      Unusable   N/A       N/A         4

Dungeon Overview and Level Annotations

Branches:
Dungeon (4/15)
 Temple: D:4-7

Altars:
Zin
Ignis


Innate Abilities, Weirdness & Mutations

Your plain brown scales are hard. (AC +5)
You cannot fit into any form of body armour.
You are cold-blooded and may be slowed by cold attacks.


Message History

You are more confused.
The orc hits you but does no damage.
Things that are here:
a +0 club; 4 stones; a kobold corpse You barely miss the orc.
Your tail-slap misses the orc.
The orc is moderately wounded.
You hit the orc wizard but do no damage.
You miss something. The orc wizard casts a spell at you.
You are more confused.
Something hits you but does no damage. The orc misses you.
You miss something. You hit the orc.
You hit the orc wizard but do no damage.
The orc wizard gestures wildly while chanting.
The orc wizard flickers and vanishes!
Something barely misses you. The orc completely misses you. Something hits you.
Something hits you but does no damage.
You miss the orc.
The orc is severely wounded.
You completely miss something. You barely miss something. The orc misses you.
Something hits you.
* * * LOW HITPOINT WARNING * * *
You hear some strange, mumbled words.
You are more confused.
You miss something. x2; You hit the orc.
You kill the orc!
Something barely misses you. Something hits you.
* * * LOW HITPOINT WARNING * * *
Unknown command.
Something hits you.
* * * LOW HITPOINT WARNING * * *
You're too confused to move!
Something hits you but does no damage. Something hits you.
* * * LOW HITPOINT WARNING * * *
Something hits you but does no damage. x2
You closely miss something. You miss something.
Something hits you but does no damage. Something hits you.
* * * LOW HITPOINT WARNING * * *
It was a potion of magic.
Magic courses through your body. Something hits you.
You die...

########### #.........#
##########.........#
#.......##......)..#
#...........).{....#
#...........)@))...#...
#.......##.##..........
###...####.#######.....
##..####....## #... .
#...........#########...
#.......................
#..........#####..##.#.
############ #......#
#.###.>..#..#


There were no monsters in sight!

Vanquished Creatures
  An orc priest (D:4)
  Natasha (thrice) (D:3)
  4 gnolls (D:4)
  2 adders (D:3)
  A white imp (D:3)
  4 worms
  5 orcs
  3 ball pythons (D:1)
  7 endoplasms
  6 giant cockroaches
  5 goblins
  6 hobgoblins
  6 jackals
  8 kobolds
  2 quokkas (D:1)
  5 bats
  3 frilled lizards
  4 rats
75 creatures vanquished.

Notes
Turn   | Place    | Note
-------+----------+-------------------------------------------
     0 | D:1      | innerfire433 the Draconian Monk began the quest for the
                  | Orb.
     0 | D:1      | Reached XP level 1. HP: 19/19 MP: 1/1
    65 | D:1      | Found a faded altar of an unknown god.
    88 | D:1      | Prayed at the altar of an unknown god.
    88 | D:1      | Became a worshipper of Ignis, the Dying Flame
    88 | D:1      | Reached ****** piety under Ignis
   146 | D:1      | Reached XP level 2. HP: 26/26 MP: 2/2
   771 | D:1      | Reached XP level 3. HP: 29/33 MP: 3/3
  1869 | D:3      | Noticed Natasha
  1889 | D:3      | Killed Natasha
  1890 | D:3      | Reached skill level 1 in Slings
  1890 | D:3      | Reached XP level 4. HP: 25/40 MP: 4/4
  2639 | D:3      | Noticed Natasha
  2662 | D:3      | Killed Natasha
  2663 | D:3      | Reached XP level 5. HP: 28/46 MP: 5/5
  2945 | D:3      | Noticed Natasha
  2964 | D:3      | Killed Natasha
  3548 | D:4      | Found a glowing silver altar of Zin.
  3702 | D:4      | Slain by an orc wizard

Illustrated notes

Levels and vault maps discovered:
D:1:      minmay_arrival_shattered_statue, layout_basic,
          hellmonk_ecumenical_altar_dog_temple, st_stairs_13, minmay_bisected
D:2:      layout_rooms
D:3:      layout_basic, kennysheep_generic_room_7, uniq_natasha
D:4:      layout_rooms, zin_scriptorium, minmay_temple_entry_statues_pillars,
          chequers_hall_statues_wall_a

Skill      XL: |  1  2  3  4  5 |
---------------+----------------+-----
Stealth        | 2 |  2.2
Dodging        | 3 |  3.0
Slings         | 1 2 |  2.7
Fighting       | 4 |  4.4
Axes           | 4 |  4.6

Action                   |  1- 3 |  4- 6 || total
-------------------------+-------+-------++-------
Melee: Hand axe          |   120 |   159 ||   279
       Tailslap          |    18 |    25 ||    43
 Fire: Hunting sling     |    10 |    23 ||    33
Throw: Stone             |       |    10 ||    10
  Use: Scroll            |       |     6 ||     6
       Potion            |       |     2 ||     2
 Stab: Sleeping          |     4 |     1 ||     5
Armor: Skin              |    26 |    53 ||    79
Dodge: Dodged            |    79 |   106 ||   185
Block: Buckler           |     8 |    78 ||    86
       Reflection        |       |     3 ||     3

Table legend: (Time is in decaauts)
 A = Elapsed time spent in this place.
 B = Non-inter-level travel time spent in this place.
 C = Inter-level travel time spent in this place.
 D = Time resting spent in this place.
 E = Time spent auto-exploring this place.
 F = Levels seen in this place.
 G = Mean time per level.
                   A        B        C        D        E       F      G
               +--------+--------+--------+--------+--------+-----+--------+
         Total |   3759 |   3538 |    221 |      0 |   2717 |   4 |  939.8 |
       Dungeon |   3759 |   3538 |    221 |      0 |   2717 |   4 |  939.8 |
               +--------+--------+--------+--------+--------+-----+--------+

Top non-repeatable levels by time:
     D:3: 1545 daAuts
     D:1: 1161 daAuts
     D:2: 696 daAuts
     D:4: 356 daAuts
